Map: Proxima Station LE

Players

Musumeci - Winner!

  • Race: Zerg Zerg
  • League: Diamond
  • Spawn Location: 1:00

IIIIIIIIIIII

  • Race: Terran Terran
  • Spawn Location: 7:00

VOD

Have the link to the VOD?

Description

Time

  • Played on: Jan. 29, 2017, 1:18 p.m.
  • Length: 7:22
Show
View Real Time Build Order
Export as new Build Order

Musumeci Zerg - Winner!

Build Orders: Hatch First 

Get SALT Encoding   

  12  0:06  Drone  
  13  0:09  Drone  
  13  0:13  Extractor  
  13  0:15  Drone  
  15  0:41  Hatchery  
  14  0:48  Drone, Extractor  
  15  1:05  Spawning Pool  
  14  1:25  Drone, Extractor  
  14  1:26  Drone, Extractor  
  16  1:34  Overlord  
  16  1:54  Queen x2  
  16  1:56  Drone x2  
  16  1:57  Drone  
  16  1:59  Drone  
  24  2:23  Drone, Overlord  
  24  2:25  Drone x3  
  28  2:41  Queen x2  
  32  2:47  Overlord  
  32  2:49  Drone x2  
  34  2:58  Drone x2  
  36  3:03  Spore Crawler  
  36  3:13  Drone  
  36  3:14  Drone x5  
  36  3:18  Extractor x2  
  40  3:25  Roach Warren  
  39  3:35  Overlord x2  
  39  3:41  Drone x5  
  44  3:48  Overlord  
  43  4:06  Drone x5  
  48  4:15  Hatchery  
  47  4:24  Overlord  
  47  4:25  Overlord  
  47  4:28  Roach x3  
  53  4:59  Drone x3  
  56  5:01  Extractor  
  56  5:03  Lair  
  56  5:04  Roach x2  
  56  5:05  Roach x5  
  69  5:15  Spore Crawler x2  
  69  5:17  Spore Crawler  
  69  5:19  Spore Crawler  
  69  5:20  Roach x3, Spore Crawler  
  70  5:21  Spore Crawler  
  70  5:28  Drone x2  
  71  5:29  Drone x2  
  71  5:30  Drone x2  
  75  5:39  Evolution Chamber x2  
  73  5:48  Ravager x2  
  73  5:49  Ravager  
  76  5:52  Drone x6  
  76  5:55  Extractor  
  81  5:57  Extractor, Spore Crawler  
  81  6:00  Spore Crawler  
  81  6:02  Drone  
  81  6:03  Drone x3  
  82  6:12  Extractor  
  81  6:41  Drone  
  81  6:43  Overlord x3  
  81  6:44  Overlord  
Show
View Real Time Build Order
Export as new Build Order

IIIIIIIIIIII Terran 

Build Orders: Reaper Expand 

Get SALT Encoding   

  12  0:02  SCV  
  13  0:15  SCV  
  14  0:22  Supply Depot  
  14  0:45  SCV  
  15  0:53  Barracks  
  15  0:54  Refinery  
  15  1:03  SCV  
  16  1:18  SCV  
  17  1:30  SCV  
  18  1:47  SCV  
  18  1:51  Command Center  
  18  1:53  Reaper  
  20  2:04  SCV  
  21  2:14  Barracks  
  21  2:18  Orbital Command  
  21  2:37  Barracks Reactor  
  21  2:40  Supply Depot  
  21  2:41  Refinery  
  21  2:48  SCV  
  22  2:59  Factory  
  22  3:01  SCV  
  23  3:08  Orbital Command  
  23  3:09  Marine  
  23  3:23  Marine x2  
  25  3:33  SCV  
  26  3:34  Barracks Tech Lab  
  26  3:44  Supply Depot  
  26  3:58  SCV  
  26  3:59  Stimpack  
  26  4:00  Starport, Marine  
  28  4:05  SCV  
  28  4:06  Supply Depot  
  29  4:10  SCV, Factory Reactor  
  29  4:13  Marine  
  29  4:14  Marine  
  32  4:18  Marine  
  32  4:22  SCV  
  34  4:27  SCV  
  34  4:31  Marine x2  
  36  4:36  Marine  
  38  4:39  SCV  
  39  4:48  Marine  
  39  4:49  Marine  
  39  4:50  Refinery  
  41  4:54  Marine  
  41  4:58  SCV  
  41  4:59  Medivac x2  
  47  5:04  SCV  
  47  5:06  Marine, Engineering Bay  
  49  5:07  Marine  
  49  5:10  SCV  
  49  5:12  Marine  
  52  5:20  Liberator, Supply Depot  
  52  5:21  SCV  
  52  5:23  SCV  
  52  5:24  Marine  
  52  5:25  Marine  
  56  5:29  Marine, Medivac  
  59  5:42  Marine  
  63  5:43  Marine  
  63  5:45  Widow Mine  
  63  5:46  SCV  
  63  5:47  Marine  
  68  5:54  SCV  
  69  5:59  SCV  
  69  6:00  Marine x2  
  69  6:03  Supply Depot  
  72  6:15  Liberator x2  
  72  6:31  Marine  
  79  6:33  SCV  
  79  6:39  Command Center  
  80  6:40  Barracks  
  71  6:58  Marine x2  
Tags
 
Add a new tag
Caveats
  • Supply blocks, unpowered buildings, or Contaminate may cause inaccurate times.
  • Supply counts are checked every 10 seconds.